 Dungeon Crawl Stone Soup version 0.23-a0-38-g6d804a8 (webtiles) character file.

7 glosham the Skirmisher (level 1, -10/20 HPs)
             Began as a Minotaur Abyssal Knight on Aug 5, 2018.
             Was a Follower of Lugonu.
             Mangled by a small abomination (13 damage)
             ... on level 1 of the Abyss.
             The game lasted 00:02:41 (132 turns).

glosham the Skirmisher (Minotaur Abyssal Knight)     Turns: 132, Time: 00:02:41

Health: -10/20     AC:  3    Str: 16    XL:     1   Next: 83%
Magic:  1/1        EV: 16    Int:  9    God:    Lugonu [*.....]
Gold:   16         SH:  0    Dex: 14    Spells: 0/0 levels left

rFire    . . .     SeeInvis .   a - +2 falchion
rCold    . . .     Gourm    .   (no shield)
rNeg     . . .     Faith    .   b - +0 leather armour
rPois    .         Spirit   .   (helmet restricted)
rElec    .         Reflect  .   (no cloak)
rCorr    .         Harm     .   (no gloves)
MR       .....                  (no boots)
Stlth    ++........             (no amulet)
HPRegen  0.06/turn              (no ring)
MPRegen  0.07/turn              (no ring)

@: agile
A: retaliatory headbutt, horns 2
a: Depart the Abyss, Renounce Religion


You were on level 1 of the Abyss.
You worshipped Lugonu.
Lugonu was aware of your devotion.
You were not hungry.

You visited 0 branches of the dungeon, and saw 0 of its levels.
You visited the Abyss 1 time.

You collected 16 gold pieces.

Inventory:

Hand Weapons
 a - a +2 falchion (weapon)
Armour
 b - a +0 leather armour (worn)
Comestibles
 c - a ration


   Skills:
 * Level 4.2 Fighting
 - Level 2.4 Long Blades
 - Level 2.4 Armour
 - Level 1.1 Dodging
 - Level 1.7 Invocations


You couldn't memorise any spells.
You didn't know any spells.
Your spell library was empty.

Dungeon Overview and Level Annotations

Branches:
Dungeon (0/15)

Altars:


Innate Abilities, Weirdness & Mutations

You reflexively headbutt those who attack you in melee.
You have a pair of horns on your head.


Message History

The puff of frost hits you!
Ouch! That really hurt!
The white imp barely misses you.
You riposte.
You hit the white imp but do no damage. You closely miss the white imp.
You headbutt the white imp!
The white imp is severely wounded.
The white imp hits you. The white imp freezes you.
* * * LOW HITPOINT WARNING * * *
You hit the white imp.
You kill the white imp!
Your Fighting skill increases to level 4!
You see here a scroll labeled QYOW OPNOGUALL.
As you read the scroll labeled QYOW OPNOGUALL, it crumbles to dust.
It is a scroll of enchant weapon.
Your +1 falchion glows red for a moment.
A small abomination comes into view.
A mana viper comes into view.
Found a bubbling golden potion.
The mana viper hisses angrily.
You see here a bubbling golden potion.
It was a potion of agility.
You feel agile all of a sudden.
A chaos spawn comes into view.
Found a scroll labeled DEFANA EK QUO.
A large abomination comes into view.
Found 23 stones.
Found a gateway leading out of the Abyss.
You see here a scroll labeled DEFANA EK QUO.
As you read the scroll labeled DEFANA EK QUO, it crumbles to dust.
It is a scroll of identify.
You don't have any unidentified items.
The chaos spawn gurgles horribly!
Found a gateway leading out of the Abyss.
A smoke demon comes into view.
A smoke demon comes into view.
The small abomination hits you.
* * * LOW HITPOINT WARNING * * *
The small abomination hits you!
Ouch! That really hurt!
You die...

#. . ... ....# #..#
....# ... #.#.# ..#
#... ..# # #.. ..#.#..
#.###..3....
#####@#.......# ##
##.. #x....#...#
###.##
#....4####..#.#.
#.......#............#
##...#..#..X..
###..#..
###.#......###.# #.# .
#∩... .#..#.# ..# .# .
.#....#.##.#..#.# .
#......#.#.#.# #.


You could see a large abomination, a chaos spawn and a small abomination.

Vanquished Creatures
  A white imp (Abyss:1)
1 creature vanquished.

Notes
Turn   | Place    | Note
-------+----------+-------------------------------------------
     0 | Abyss:1  | glosham the Minotaur Abyssal Knight began the quest for the Orb.
     0 | Abyss:1  | Reached XP level 1. HP: 19/19 MP: 1/1
    17 | Abyss:1  | Found a corrupted altar of Lugonu.
    31 | Abyss:1  | Noticed a small abomination
    62 | Abyss:1  | Reached skill level 4 in Fighting
    66 | Abyss:1  | Noticed a small abomination
    84 | Abyss:1  | Noticed a mana viper
    98 | Abyss:1  | Noticed a chaos spawn
   105 | Abyss:1  | Noticed a large abomination
   120 | Abyss:1  | Noticed a smoke demon
   130 | Abyss:1  | Noticed a smoke demon
   132 | Abyss:1  | Mangled by a small abomination

Vault maps used:

Skill      XL: |  1 |
---------------+----+-----
Fighting       | 4 |  4.2
Long Blades    | |  2.4
Armour         | |  2.4
Dodging        | |  1.1
Invocations    | |  1.7

Action                   || total
-------------------------++-------
Melee: Falchion          ||     2
       Headbutt          ||     1
  Use: Scroll            ||     2
       Potion            ||     1
Dodge: Dodged            ||     1
       Rpst.: Falchion   ||     1

Table legend:
 A = Spawn XP
 B = Non-spawn XP
 C = Spawn XP percentage of total XP
 D = Spawn monster count
 E = Non-spawn monster count
 F = Spawn count percentage of total count
 G = Total turns spent on level
                    A         B        C        D         E        F      G
               +---------+---------+-------+---------+---------+-------+---------
         Total |       0 |      10 |   0.0 |       0 |       1 |   0.0 |   132
               +---------+---------+-------+---------+---------+-------+---------
       Abyss:1 |       0 |      10 |   0.0 |       0 |       1 |   0.0 |   132
               +---------+---------+-------+---------+---------+-------+---------

Table legend:
 A = Turns spent in this place as a percentage of turns spent in the entire game.
 B = Non-inter-level travel turns spent in this place as a percentage of non-inter-level travel turns spent in the entire game.
 C = Inter-level travel turns spent in this place as a percentage of turns spent in this place.
 D = Turns resting spent in this place as a percentage of non-inter-level travel turns spent in this place.
 E = Turns spent auto-exploring this place as a percentage of non-inter-level travel turns spent in this place.
 F = Non-inter-level travel turns spent in this place divided by the number of levels of this place that you've seen.
                   A       B       C       D       E      F
               +-------+-------+-------+-------+-------+----------------------
         Total | 100.0 | 100.0 |   0.0 |   0.0 |   0.0 | 132.0
         Abyss | 100.0 | 100.0 |   0.0 |   0.0 |   0.0 | 132.0
               +-------+-------+-------+-------+-------+----------------------

Table legend:
 A = Kills in this place as a percentage of kills in entire the game.
 B = Kills by you in this place as a percentage of kills by you in the entire game.
 C = Kills by friends in this place as a percentage of kills by friends in the entire game.
 D = Other kills in this place as a percentage of other kills in the entire game.
 E = Experience gained in this place as a percentage of experience gained in the entire game.
 F = Experience gained in this place divided by the number of levels of this place that you have seen.
                   A       B       C       D       E      F
               +-------+-------+-------+-------+-------+----------------------
         Total | 100.0 | 100.0 |   N/A |   N/A | 100.0 |  10.0
         Abyss | 100.0 | 100.0 |   N/A |   N/A | 100.0 |  10.0
               +-------+-------+-------+-------+-------+----------------------

Vault maps used:
